[Event "Early-Titled-Tuesday-Blitz-February-20-2024"]
[Site "Chess.com"]
[Date "2024.02.20"]
[Round "9"]
[White "Sofia_Blokhin"]
[Black "Dewarfd"]
[Result "1-0"]
[WhiteElo "2231"]
[BlackElo "2141"]
[TimeControl "180+1"]
[EndTime "9:46:36 PST"]
[Termination "Sofia_Blokhin won on time"]

1. d4 Nf6 2. c4 g6 3. Nc3 d5 4. Bf4 Bg7 5. e3 O-O 6. Bd3 c6 7. h3 Be6 8. cxd5 Nxd5 9. Nxd5 cxd5 10. Nf3 Qa5+ 11. Nd2 Nc6 12. a3 Qb6 13. b4 Nxd4 14. exd4 Qxd4 15. O-O Qxf4 16. Rc1 Rac8 17. Qe2 Rxc1 18.
Rxc1 Bb2 19. Rc2 Bxa3 20. b5 Bf5 21. g3 Bxd3 22. Qxd3 Qa4 23. Ra2 Qd1+ 24. Kg2 Bb4 25. Qxd5 e6 26. Qxb7 Bxd2 27. Qd7 Qb1 28. Rxd2 Qb4 29.
Rd1 Qa4 30. Kh2 Rb8 31. Qc7 1-0

[Event "Early-Titled-Tuesday-Blitz-February-20-2024"]
[Site "Chess.com"]
[Date "2024.02.20"]
[Round "9"]
[White "AvitalBor"]
[Black "kpio91"]
[Result "0-1"]
[WhiteElo "2762"]
[BlackElo "2883"]
[TimeControl "180+1"]
[EndTime "9:46:37 PST"]
[Termination "kpio91 won by resignation"]

1. a3 d5 2. d4 Nf6 3. Nf3 Bf5 4. c4 e6 5. Nc3 c6 6. Bf4 Bd6 7. Bxd6 Qxd6 8. c5 Qc7 9. Ne5 Nfd7 10. Nxd7 Nxd7 11. e3 e5 12. Be2 Nf8 13. O-O Ne6 14.
Qd2 exd4 15. exd4 Qf4 16. Qxf4 Nxf4 17. Rfe1 Kd7 18. b4 Rhe8 19. Bf1 Rxe1 20. Rxe1 Ne6 21.
Rd1 b6 22. f3 Bg6 23. Kf2 b5 24. a4 bxa4 25. b5 Rb8 26. Ke3 Nc7 27. bxc6+ Kxc6 28. Ra1 Rb3 29. Kd2 a3 30. Be2 Ne6 31. Bd1 Nxd4 32. Ke3 Rxc3+ 0-1

[Event "Early-Titled-Tuesday-Blitz-February-20-2024"]
[Site "Chess.com"]
[Date "2024.02.20"]
[Round "9"]
[White "Alblooshi_Hamad"]
[Black "WiseKing_08"]
[Result "0-1"]
[WhiteElo "2173"]
[BlackElo "2412"]
[TimeControl "180+1"]
[EndTime "9:46:37 PST"]
[Termination "WiseKing_08 won by resignation"]

1. d4 d5 2. c4 c6 3. Nf3 Nf6 4.
Nc3 dxc4 5. a4 Bf5 6. e3 e6 7.
Bxc4 Bb4 8. O-O O-O 9. Qe2 Bg6 10. Ne5 Nbd7 11. Nxg6 hxg6 12. e4 e5 13. Rd1 exd4 14. Rxd4 Qe7 15. Bf4 Rfe8 16. Re1 Bc5 17. Rdd1 Ne5 18.
Bxe5 Qxe5 19. Kh1 a5 20. f3 Rad8 21. Qc2 Bd4 22. Qb3 Re7 23. Ne2 c5 24. Nxd4 cxd4 25.
f4 Qxf4 26. g3 Qe5 27. Bd3 Ng4 28. Qc2 Ne3 29. Rc1 Nxc2 30. Rxc2 Rc7 0-1

[Event "Early-Titled-Tuesday-Blitz-February-20-2024"]
[Site "Chess.com"]
[Date "2024.02.20"]
[Round "9"]
[White "ExchangeAB"]
[Black "SahibSinghKnight"]
[Result "1/2-1/2"]
[WhiteElo "2457"]
[BlackElo "2569"]
[TimeControl "180+1"]
[EndTime "9:46:38 PST"]
[Termination "Game drawn by agreement"]

1. d4 e6 2. Nf3 d5 3. c3 Nf6 4. Bf4 Bd6 5. Bxd6 cxd6 6. e3 O-O 7. Bd3 Nc6 8. O-O e5 9. Bc2 Bg4 10.
h3 Bh5 11. Qc1 Bxf3 12. gxf3 Nh5 13. Kh2 Qf6 14. Qd1 g6 15. Nd2 Rad8 16. Rg1 Rfe8 17. Nf1 Ne7 18. Ng3 Nxg3 19. Rxg3 Nf5 20. Bxf5 Qxf5 21. Qb1 Qxb1 22. Rxb1 exd4 23. cxd4 Rc8 24. Rgg1 Rc2 25. Kg3 h5 26. f4 Rec8 27. Kf3 Kg7 28. Rge1 f5 29. Re2 Rxe2 30. Kxe2 Rc2+ 31. Kf3 b5 32. b4 Rxa2 33. Rc1 Kf6 34. Rc7 Ra4 35.
h4 a6 36. Ra7 Ke6 37. Kg3 Rxb4 38. Rxa6 Rb1 39. Ra7 b4 40. Rb7 b3 41. Kg2 b2 42.
Kh2 Kf6 43. Kg2 Ke6 44. Kh2 Kf6 1/2-1/2

[Event "Early-Titled-Tuesday-Blitz-February-20-2024"]
[Site "Chess.com"]
[Date "2024.02.20"]
[Round "9"]
[White "JaackCamel"]
[Black "Inepton_Fermion"]
[Result "0-1"]
[WhiteElo "2182"]
[BlackElo "2391"]
[TimeControl "180+1"]
[EndTime "9:46:42 PST"]
[Termination "Inepton_Fermion won by resignation"]

1. d4 g6 2. c4 Bg7 3. e4 d6 4. Nc3 c5 5. d5 Bxc3+ 6. bxc3 e5 7. Be2 Nd7 8. g4 Qe7 9. h4 f5 10. gxf5 gxf5 11. exf5 Ndf6 12. Bh5+ Kd8 13. Nh3 Bxf5 14. Ng5 Kc7 15. Nf7 Nxh5 16. Nxh8 Nf4 17. Bxf4 exf4+ 18. Qe2 Qg7 19. Kd2 Nf6 20. f3 Re8 21. Qh2 Nh5 22.
Rhg1 Ng3 23. Rae1 Rxh8 24. h5 Qg5 25. Re2 h6 26. Ree1 Rf8 27. Rg2 Rg8 28. Rgg1 Bh7 29. Rg2 Nf1+ 30. Rxf1 Qxg2+ 31. Qxg2 Rxg2+ 32. Kd1 Rxa2 33. Re1 Ra1+ 0-1

[Event "Early-Titled-Tuesday-Blitz-February-20-2024"]
[Site "Chess.com"]
[Date "2024.02.20"]
[Round "9"]
[White "lamomiajunior"]
[Black "Natalya_Buksa"]
[Result "1-0"]
[WhiteElo "2738"]
[BlackElo "2598"]
[TimeControl "180+1"]
[EndTime "9:46:43 PST"]
[Termination "lamomiajunior won by checkmate"]

1. d4 d5 2. c4 e6 3. Nc3 Nf6 4. cxd5 exd5 5. Bg5 c6 6. e3 Nbd7 7. Bd3 Be7 8. h3 O-O 9. Nf3 Re8 10. O-O Ne4 11. Bxe7 Qxe7 12. Bxe4 dxe4 13. Nd2 Nf6 14. Qc2 Bf5 15. f3 Rad8 16. f4 h5 17. Nc4 c5 18.
Rad1 Qe6 19. Ne5 cxd4 20. exd4 Qb6 21. Qf2 Nd5 22. Nxd5 Rxd5 23. Nc4 Qg6 24. Ne3 Ra5 25. b4 Ra3 26. Kh2 Rd8 27. d5 Bd7 28. Rfe1 Qd6 29. Nc4 Qa6 30. Nxa3 Qxa3 31. Rxe4 Bf5 32. Re5 g6 33.
Qh4 Rc8 34. d6 Qa4 35. Rde1 Rc2 36. Qf6 Bd7 37. Re7 Qxa2 38. Re8+ Bxe8 39. Rxe8+ Kh7 40. Rh8# 1-0

[Event "Early-Titled-Tuesday-Blitz-February-20-2024"]
[Site "Chess.com"]
[Date "2024.02.20"]
[Round "9"]
[White "Mikasinski"]
[Black "ilqar_74"]
[Result "1-0"]
[WhiteElo "2665"]
[BlackElo "2835"]
[TimeControl "180+1"]
[EndTime "9:46:44 PST"]
[Termination "Mikasinski won on time"]

1. e4 c5 2. Nf3 d6 3. d4 cxd4 4.
Nxd4 Nf6 5. Nc3 e5 6. Nf3 Be7 7. Bg5 Nbd7 8. Bc4 O-O 9. O-O a6 10. a4 b6 11. Qe2 Bb7 12. Rfd1 Qc7 13. Ba2 Rfc8 14. Nd2 h6 15. Bxf6 Nxf6 16. Nc4 Rab8 17. Ne3 Nxe4 18. Ncd5 Qd7 19. Nxb6 Qc7 20. Ned5 Bxd5 21.
Nxd5 Qxc2 22. Nxe7+ Kf8 23. Qxc2 Rxc2 24. Bb1 Rcxb2 25.
Nc6 Nc3 26. Nxb8 Nxd1 27. Nxa6 Nc3 28. Bd3 d5 29. a5 e4 30. Bf1 d4 31. Nc5 f5 32. a6 Nd5 33. a7 Nb6 34. Nd7+ 1-0

[Event "Early-Titled-Tuesday-Blitz-February-20-2024"]
[Site "Chess.com"]
[Date "2024.02.20"]
[Round "9"]
[White "Anton_Demchenko"]
[Black "FREDERICKtheMATE"]
[Result "1-0"]
[WhiteElo "2903"]
[BlackElo "2682"]
[TimeControl "180+1"]
[EndTime "9:46:44 PST"]
[Termination "Anton_Demchenko won by checkmate"]

1. e4 c5 2. Nf3 Nc6 3. Bb5 g6 4. O-O Bg7 5. d3 e5 6. a3 Nge7 7. b4 d6 8. Bg5 f6 9. Be3 Qb6 10. Bc4 a6 11. Nbd2 f5 12. bxc5 dxc5 13. Ba2 Nd4 14.
exf5 Bxf5 15. Re1 Qc7 16. c3 Nxf3+ 17. Qxf3 O-O-O 18. Ne4 Rxd3 19. Nxc5 e4 20. Nxe4 Rf8 21. Bf4 Rxf3 22. Bxc7 Rd3 23. Bg3 Bxe4 24. Rxe4 Nf5 25. Rc4+ Kd8 26. Bc7+ Kd7 27. Bb6 Rxc3 28. Rd1+ Ke8 29.
Re4+ Ne7 30. Rd8# 1-0

[Event "Early-Titled-Tuesday-Blitz-February-20-2024"]
[Site "Chess.com"]
[Date "2024.02.20"]
[Round "9"]
[White "Alenzer"]
[Black "koncheto"]
[Result "0-1"]
[WhiteElo "2168"]
[BlackElo "2429"]
[TimeControl "180+1"]
[EndTime "9:46:45 PST"]
[Termination "koncheto won by resignation"]

1. e4 c5 2. Nf3 d6 3. c3 Nf6 4.
h3 g6 5. Bd3 Bg7 6. Bc2 O-O 7.
O-O a6 8. d4 cxd4 9. cxd4 b5 10.
a3 Bb7 11. Re1 Nbd7 12. Nc3 Nb6 13. Bg5 Rc8 14. e5 dxe5 15. dxe5 Qxd1 16. Raxd1 Nfd5 17. Nxd5 Nxd5 18. Bb3 e6 19. Rc1 Rfe8 20. Rxc8 Rxc8 21. Rc1 Rxc1+ 22. Bxc1 Bf8 23. Kf1 Bc5 24. Ke2 Kf8 25.
Bh6+ Ke7 26. Bc2 a5 27. Nd2 b4 28. axb4 Ba6+ 29. Bd3 Bxd3+ 30. Kxd3 Nxb4+ 31. Ke2 Nc6 32. Bg5+ Kd7 33. Nb3 Bb6 34. f4 a4 35. Nd2 Bd4 36.
Nc4 Kc7 37. Kd3 Bxb2 38. Kc2 Bd4 39. Bh4 Nb4+ 40. Kb1 Kc6 41. Be1 Kd5 42. Nd6 Nd3 43. Nxf7 Nxe1 44. Ka2 Nxg2 45. Ng5 Nxf4 46. Nxh7 Nxh3 47.
Ka3 Bxe5 0-1

[Event "Early-Titled-Tuesday-Blitz-February-20-2024"]
[Site "Chess.com"]
[Date "2024.02.20"]
[Round "9"]
[White "NovakRatko"]
[Black "HelvertHernandez"]
[Result "0-1"]
[WhiteElo "2352"]
[BlackElo "1988"]
[TimeControl "180+1"]
[EndTime "9:46:45 PST"]
[Termination "HelvertHernandez won by resignation"]

1. d4 Nf6 2. c4 g6 3. Nc3 Bg7 4.
e4 d6 5. f3 c6 6. Be3 a6 7. a4 Nbd7 8. Qd2 e5 9. d5 cxd5 10.
cxd5 b6 11. b4 Bb7 12. Bd3 Rc8 13. Nge2 O-O 14. O-O Ne8 15. g4 f6 16. h4 a5 17.
bxa5 bxa5 18. Nb5 Nc5 19. Bc2 Ba6 20. Nec3 Qb6 21. Rfb1 Qd8 22. Na7 Rc7 23. Nc6 Qd7 24.
Nxa5 f5 25. exf5 gxf5 26. Bxf5 Rxf5 27. gxf5 Qxf5 28. Rb8 Kf7 29. Rbb1 Kf8 30. Nc6 Bf6 31. Bxc5 dxc5 32. Qf2 Rg7+ 33. Kh1 Qh3+ 34. Qh2 Qxf3+ 0-1

[Event "Early-Titled-Tuesday-Blitz-February-20-2024"]
[Site "Chess.com"]
[Date "2024.02.20"]
[Round "9"]
[White "Sina_Movahed"]
[Black "AlexeiShirov"]
[Result "1/2-1/2"]
[WhiteElo "2960"]
[BlackElo "2847"]
[TimeControl "180+1"]
[EndTime "9:46:46 PST"]
[Termination "Game drawn by repetition"]

1. e4 e5 2. Nf3 Nc6 3. Bb5 a6 4. Ba4 Nf6 5. O-O b5 6. Bb3 Bc5 7. c3 d6 8. a4 Rb8 9. d4 Bb6 10. a5 Ba7 11. h3 Bb7 12. Be3 Nxe4 13. Re1 exd4 14. cxd4 Ne7 15. Nbd2 d5 16. Rc1 O-O 17. Ne5 Nd6 18. Bc2 Nc4 19. Qh5 Ng6 20. Ndf3 Ncxe5 21. Nxe5 Qd6 22. Rcd1 Rbe8 23. Bf4 Qb4 24. Re3 Bxd4 25. Nd3 Nxf4 26. Nxf4 g6 27. Nxg6 fxg6 28. Bxg6 Re7 29. Rxd4 Qxd4 30. Rxe7 Qxf2+ 31. Kh2 Qf4+ 32. Kh1 Qf1+ 33. Kh2 Qf4+ 34. Kg1 Qf1+ 35. Kh2 Qf4+ 1/2-1/2

[Event "Early-Titled-Tuesday-Blitz-February-20-2024"]
[Site "Chess.com"]
[Date "2024.02.20"]
[Round "9"]
[White "MaxLeto"]
[Black "poummba"]
[Result "0-1"]
[WhiteElo "2526"]
[BlackElo "2390"]
[TimeControl "180+1"]
[EndTime "9:46:46 PST"]
[Termination "poummba won by checkmate"]

1. e4 c5 2. Nf3 d6 3. d4 cxd4 4. Nxd4 Nf6 5. Nc3 a6 6. h3 e5 7. Nde2 h5 8. Bg5 Be6 9. Bxf6 Qxf6 10. Nd5 Bxd5 11. Qxd5 Nc6 12. Nc3 Be7 13. Be2 O-O 14. Bxh5 Qg5 15. Bf3 Nd4 16. Kd1 Rfc8 17. Qxb7 Rab8 18.
Qxa6 Rc6 19. h4 Qh6 20. Qa3 Bf8 21. Rb1 d5 22. Qa5 Rc5 23. Qa7 Rb6 24. Nxd5 Ra6 25.
Qb8 Rxc2 26. Ne3 Rxf2 27. Ke1 Qxe3+ 28. Kd1 Qd2# 0-1

[Event "Early-Titled-Tuesday-Blitz-February-20-2024"]
[Site "Chess.com"]
[Date "2024.02.20"]
[Round "9"]
[White "Dinamo3"]
[Black "Kostukov_Alex"]
[Result "1-0"]
[WhiteElo "2521"]
[BlackElo "2347"]
[TimeControl "180+1"]
[EndTime "9:46:48 PST"]
[Termination "Dinamo3 won on time"]

1. c4 g6 2. g3 Bg7 3. Bg2 Nf6 4. Nc3 O-O 5. d3 c6 6. e4 d5 7. cxd5 cxd5 8. exd5 Na6 9. Nge2 Nb4 10. Nf4 e6 11. dxe6 Bxe6 12. O-O Bg4 13. Qb3 Nxd3 14. Nxd3 Qxd3 15.
Qxb7 Rab8 16. Qxa7 Qc2 17. h3 Be6 18. Re1 Rfd8 19. Qa4 Qf5 20. Qf4 Qa5 21. a3 h6 22.
b4 Qa6 23. Bb2 Nd5 24. Nxd5 Bxb2 25. Rab1 Qxa3 26. Ne7+ 1-0

[Event "Early-Titled-Tuesday-Blitz-February-20-2024"]
[Site "Chess.com"]
[Date "2024.02.20"]
[Round "9"]
[White "deribas12345"]
[Black "MdChess1734"]
[Result "1-0"]
[WhiteElo "2608"]
[BlackElo "2384"]
[TimeControl "180+1"]
[EndTime "9:46:52 PST"]
[Termination "deribas12345 won by resignation"]

1. d4 Nf6 2. c4 e6 3. Nc3 Bb4 4. f3 c5 5. a3 Bxc3+ 6. bxc3 b6 7. e4 Nc6 8. Bg5 h6 9. Bh4 Na5 10. Nh3 g5 11. Nxg5 hxg5 12. Bxg5 d6 13. Bd3 e5 14. O-O Rg8 15. Bh4 Rh8 16. Bg5 Qe7 17. f4 Rg8 18. Bh4 Qe6 19. fxe5 Ng4 20. Qf3 dxe5 21.
h3 Nh6 22. Kh1 cxd4 23. cxd4 exd4 24. c5 bxc5 25. Qh5 Nc6 26. Rf6 Qe5 27. Qxh6 Ne7 28. Bb5+ Bd7 29. Bxd7+ Kd8 30. Rxf7 1-0

[Event "Early-Titled-Tuesday-Blitz-February-20-2024"]
[Site "Chess.com"]
[Date "2024.02.20"]
[Round "9"]
[White "Grandelicious"]
[Black "Ural_bogatyr"]
[Result "1-0"]
[WhiteElo "2904"]
[BlackElo "2616"]
[TimeControl "180+1"]
[EndTime "9:46:53 PST"]
[Termination "Grandelicious won on time"]

1. d4 Nf6 2. Nf3 d5 3. c3 c5 4. e3 Nc6 5. dxc5 a5 6. Bb5 Bd7 7. c4 e6 8. cxd5 Nxd5 9. e4 Nf6 10. Nc3 Bxc5 11. O-O O-O 12. e5 Ng4 13. Qe2 Qb6 14.
Na4 Qa7 15. Bf4 Rfd8 16. Bg3 Nh6 17. Nxc5 Qxc5 18. Rac1 Qb6 19. Bh4 Rdc8 20. Rcd1 Be8 21. Bd3 Nf5 22. Bg5 Ncd4 23. Nxd4 Nxd4 24. Qg4 Nc6 25. Bf6 g6 26. Be4 Qb4 27. Rd3 h5 28.
Qg5 Qf8 29. Rh3 1-0

[Event "Early-Titled-Tuesday-Blitz-February-20-2024"]
[Site "Chess.com"]
[Date "2024.02.20"]
[Round "9"]
[White "wanyaland"]
[Black "blitzking1729"]
[Result "1-0"]
[WhiteElo "2507"]
[BlackElo "2687"]
[TimeControl "180+1"]
[EndTime "9:46:53 PST"]
[Termination "wanyaland won on time"]

1. d4 d6 2. c4 g6 3. g3 Bg7 4. Bg2 Nd7 5. Nf3 e5 6. O-O Ne7 7. Nc3 O-O 8. Rb1 a5 9. a3 exd4 10. Nxd4 Nc5 11. b4 axb4 12. axb4 Ne6 13. e3 Nxd4 14.
exd4 Nf5 15. Ne2 Re8 16. Bb2 c6 17. Nf4 Bd7 18. d5 Bxb2 19. Rxb2 Qf6 20. Rd2 Ra3 21.
dxc6 bxc6 22. b5 cxb5 23. Nd5 Qe5 24. Qc1 bxc4 25. Qxa3 Bc6 26. Rfd1 Kg7 27. h4 h5 28. Bf3 Bxd5 29. Rxd5 Qf6 30. Kg2 c3 31. R5d3 Rc8 32. Rc1 c2 33. Bd5 Qe5 34. Qa7 Ne7 35. Bf3 d5 36. Re3 Qb2 37. Ree1 Nf5 38. Bxd5 Qf6 39. Be4 Nd4 40. Re3 Kh6 41. Rd3 1-0

[Event "Early-Titled-Tuesday-Blitz-February-20-2024"]
[Site "Chess.com"]
[Date "2024.02.20"]
[Round "9"]
[White "Schachmalanders"]
[Black "Dinosaurio_1975"]
[Result "0-1"]
[WhiteElo "2468"]
[BlackElo "2603"]
[TimeControl "180+1"]
[EndTime "9:46:54 PST"]
[Termination "Dinosaurio_1975 won by resignation"]

1. e4 c6 2. Nf3 d5 3. Nc3 dxe4 4. Nxe4 Nf6 5. Qe2 Nxe4 6. Qxe4 Nd7 7. Bc4 Nf6 8. Ne5 e6 9. Qe2 b5 10. Bb3 Qc7 11.
O-O Bd6 12. d4 O-O 13. c3 a5 14. Bf4 Ba6 15. Rfe1 Rfe8 16. Bg3 c5 17. dxc5 Qxc5 18. Rad1 Rad8 19. Qf3 a4 20. Bc2 a3 21. bxa3 Qxa3 22. Nc6 Bb7 23. Bh4 Rc8 24. Bxf6 Bxc6 25. Qg4 Bf8 26.
Bb3 Kh8 27. Bd4 Qa8 28. Re3 Rcd8 29. Rh3 e5 30. Qh5 h6 31. Bxe5 Rxd1+ 32. Bxd1 Kg8 33.
f3 Qxa2 34. Bd4 Qb1 0-1

[Event "Early-Titled-Tuesday-Blitz-February-20-2024"]
[Site "Chess.com"]
[Date "2024.02.20"]
[Round "9"]
[White "Young_Catalan_Player09"]
[Black "Tocras"]
[Result "1-0"]
[WhiteElo "2583"]
[BlackElo "2705"]
[TimeControl "180+1"]
[EndTime "9:46:56 PST"]
[Termination "Young_Catalan_Player09 won by resignation"]

1. Nf3 Nf6 2. d4 b6 3. Bf4 Bb7 4. e3 e6 5. Nbd2 d5 6. Bd3 Be7 7. O-O Nh5 8. Be5 Nd7 9. c3 Nxe5 10. Nxe5 g6 11. Bb5+ Kf8 12. Bc6 Qc8 13. b4 f6 14.
Bxb7 Qxb7 15. Nd3 a5 16. a3 Kf7 17. Qb3 Ng7 18. c4 dxc4 19. Nxc4 axb4 20. axb4 Qd5 21. Qc3 Qb5 22. f4 Rhd8 23. g4 Kg8 24. Nd2 h5 25. h3 c6 26. Rfc1 Rxa1 27. Rxa1 hxg4 28. hxg4 Qd5 29.
Rc1 Rc8 30. Qb3 Qd7 31. Nc4 Bd8 32. g5 Qd5 33. gxf6 Bxf6 34. Qc3 Qf3 35. Qd2 Nf5 36. Qf2 Qxf2+ 37. Kxf2 b5 38. Nce5 Ra8 39. Rxc6 Bh4+ 40. Kf3 Ra2 41. Rxe6 Rf2+ 42. Ke4 Rd2 43. Rxg6+ Kh7 44.
Kxf5 1-0

[Event "Early-Titled-Tuesday-Blitz-February-20-2024"]
[Site "Chess.com"]
[Date "2024.02.20"]
[Round "9"]
[White "N_I_Chess"]
[Black "Muslim_player_05"]
[Result "1-0"]
[WhiteElo "2325"]
[BlackElo "2466"]
[TimeControl "180+1"]
[EndTime "9:46:57 PST"]
[Termination "N_I_Chess won by checkmate"]

1. d4 Nf6 2. c4 e6 3. Nc3 Bb4 4. Nf3 O-O 5. e3 Bxc3+ 6. bxc3 d6 7. Bd3 Re8 8. O-O e5 9. dxe5 dxe5 10. Nxe5 Qe7 11.
Nf3 Bg4 12. Rb1 Nbd7 13. Qb3 Bxf3 14. gxf3 Nc5 15. Qc2 Qd7 16. Bf5 Qc6 17. e4 Rad8 18. Kh1 Nd3 19. Bg5 h6 20. Bh4 Re5 21. Rb5 Rxb5 22.
cxb5 Qxb5 23. Bxf6 gxf6 24. Rg1+ Kh8 25. Qd2 Nf4 26. Qxd8+ Qe8 27. Qxe8# 1-0

[Event "Early-Titled-Tuesday-Blitz-February-20-2024"]
[Site "Chess.com"]
[Date "2024.02.20"]
[Round "9"]
[White "AmanteDeMoi"]
[Black "secrethawk1"]
[Result "0-1"]
[WhiteElo "2584"]
[BlackElo "2483"]
[TimeControl "180+1"]
[EndTime "9:46:58 PST"]
[Termination "secrethawk1 won by checkmate"]

1. e4 c5 2. d3 Nf6 3. f4 e6 4.
Nf3 d5 5. e5 Nfd7 6. g3 Nc6 7.
Bg2 Be7 8. O-O d4 9. Nbd2 O-O 10. Ne4 b6 11. Nfg5 Bb7 12. Qh5 h6 13. Nf3 f5 14.
exf6 Nxf6 15. Ne5 Rc8 16. Nxf6+ Bxf6 17. Ng6 Re8 18. Bd2 Qd7 19. Rae1 Ne7 20. Bxb7 Qxb7 21. Rxe6 Nxg6 22. Rxe8+ Rxe8 23. Qxg6 Re2 24. Rf2 Rxf2 25. Kxf2 Qd7 26. g4 c4 27. g5 hxg5 28. fxg5 Be5 29.
h4 cxd3 30. cxd3 Qe7 31. Qe4 Qf7+ 32. Kg2 Bd6 33. g6 Qxa2 34. Qe8+ Bf8 35. Kg3 Qb3 36. Bf4 Qxd3+ 37. Kg4 Qd1+ 38. Kg5 Qb3 39. Qd8 d3 40. h5 Qe6 41. Qxd3 Be7# 0-1

[Event "Early-Titled-Tuesday-Blitz-February-20-2024"]
[Site "Chess.com"]
[Date "2024.02.20"]
[Round "9"]
[White "BozeKat"]
[Black "fabianvivasz"]
[Result "1-0"]
[WhiteElo "2156"]
[BlackElo "2362"]
[TimeControl "180+1"]
[EndTime "9:46:58 PST"]
[Termination "BozeKat won on time"]

1. c4 c6 2. d4 d5 3. Nf3 Nf6 4. e3 e6 5. Nbd2 Nbd7 6. Bd3 Bd6 7. O-O e5 8. e4 O-O 9. cxd5 cxd5 10. exd5 exd4 11.
Nc4 Nb6 12. Nxd6 Qxd6 13. Nxd4 Qxd5 14. Be3 Ng4 15. Qd2 Rd8 16. Rfd1 Nxe3 17. Qxe3 Bg4 18. f3 Bh5 19. Be4 Qd7 20. Rd3 Bg6 21. Rad1 Nc4 22. Qe2 Qe7 23. b3 Bxe4 24. bxc4 Bxd3 25.
Qxe7 Rxd4 26. Qxb7 Rad8 27. c5 h6 28. c6 Bf5 29.
Rxd4 Rxd4 30. c7 Rc4 31. Qxa7 Be6 32. a4 g5 33. a5 Rc1+ 34. Kf2 Rc2+ 35. Ke3 Rxg2 36.
c8=Q+ Bxc8 37. Qb8 Rc2 38. a6 1-0

[Event "Early-Titled-Tuesday-Blitz-February-20-2024"]
[Site "Chess.com"]
[Date "2024.02.20"]
[Round "9"]
[White "ilya2700"]
[Black "Lennis93"]
[Result "0-1"]
[WhiteElo "2377"]
[BlackElo "2700"]
[TimeControl "180+1"]
[EndTime "9:47:00 PST"]
[Termination "Lennis93 won by checkmate"]

1. e4 c5 2. c4 Nc6 3. Ne2 Nf6 4. Nbc3 e6 5. d4 cxd4 6. Nxd4 Qc7 7. Be2 a6 8. Be3 Bb4 9. Qc2 d6 10. O-O Bxc3 11.
bxc3 e5 12. Nxc6 Qxc6 13. Bd3 Be6 14. Rab1 O-O 15. Rb6 Qc7 16. Rfb1 Rab8 17. Qa4 Nd7 18. R6b4 Nc5 19. Bxc5 dxc5 20. Rb6 Rfd8 21. Qb3 Rxd3 22. Rxa6 b5 23. Qa3 Bxc4 24. Ra7 Qd6 25. Qc1 Rd8 26. h3 Rd1+ 27. Qxd1 Qxd1+ 28. Rxd1 Rxd1+ 29. Kh2 h5 30. a4 bxa4 31. Rxa4 Be6 32. Ra5 c4 33. Rxe5 g6 34.
Ra5 Rb1 35. Kg3 Rb3 36. Kf4 Rxc3 37. Kg5 Kg7 38. g4 Rxh3 39. gxh5 Rxh5+ 40. Kf4 Rxa5 41.
e5 c3 42. Kg5 Rxe5+ 43. Kf4 Re1 44. Kg3 c2 45. f4 c1=Q 46. f5 Qe3+ 47. Kg4 Bxf5+ 48. Kh4 Qf4# 0-1

[Event "Early-Titled-Tuesday-Blitz-February-20-2024"]
[Site "Chess.com"]
[Date "2024.02.20"]
[Round "9"]
[White "mortngabriel"]
[Black "BashirliSaadat"]
[Result "1-0"]
[WhiteElo "2518"]
[BlackElo "2349"]
[TimeControl "180+1"]
[EndTime "9:47:02 PST"]
[Termination "mortngabriel won on time"]

1. e4 c6 2. Nf3 d5 3. Nc3 dxe4 4. Nxe4 Nf6 5. Qe2 Nxe4 6. Qxe4 g6 7. Bc4 Bg7 8. d4 O-O 9. c3 Nd7 10. Qh4 e5 11.
Bg5 Qc7 12. O-O a5 13. Bh6 b5 14. Bd3 f6 15. Bxg7 Kxg7 16. Rfe1 Re8 17. Qg3 Bb7 18. h4 Rac8 19. h5 g5 20. Nxg5 fxg5 21. Qxg5+ Kh8 22. Qf5 Nf8 23. dxe5 Qe7 24. Re3 Qe6 25. Qg5 Qe7 26. Qh6 Qe6 27. Qf4 1-0

[Event "Early-Titled-Tuesday-Blitz-February-20-2024"]
[Site "Chess.com"]
[Date "2024.02.20"]
[Round "9"]
[White "platy3"]
[Black "Kobalia"]
[Result "0-1"]
[WhiteElo "2945"]
[BlackElo "2811"]
[TimeControl "180+1"]
[EndTime "9:47:03 PST"]
[Termination "Kobalia won on time"]

1. e4 c5 2. Nf3 e6 3. d4 cxd4 4. Nxd4 Nc6 5. Nc3 a6 6. Be3 Nf6 7. Qf3 Bb4 8. Bd3 d5 9. O-O dxe4 10. Nxc6 exf3 11. Nxd8 Kxd8 12. Rfd1 Ke7 13. a3 Bd6 14. gxf3 Bd7 15. Be4 Bc6 16. Bxc6 bxc6 17. Rd3 Rhd8 18.
Rad1 Be5 19. Bc5+ Ke8 20. Na4 Nd5 21. Bb6 Nxb6 22. Nxb6 Rxd3 23. Rxd3 Rd8 24. Rxd8+ Kxd8 25. Nc4 Bf4 26. h3 Kc7 27. Kf1 g5 28. Ke2 f5 29.
b4 h5 30. Kd3 h4 31. Ke2 c5 32.
Na5 Kb6 33. Nb3 Bd6 34. c3 Kb5 35. Nd2 Bc7 36. Kd3 Ka4 37. Nc4 g4 38. fxg4 fxg4 39.
hxg4 h3 0-1

[Event "Early-Titled-Tuesday-Blitz-February-20-2024"]
[Site "Chess.com"]
[Date "2024.02.20"]
[Round "9"]
[White "JonSnowNW1"]
[Black "karinachess1"]
[Result "0-1"]
[WhiteElo "2505"]
[BlackElo "2668"]
[TimeControl "180+1"]
[EndTime "9:47:03 PST"]
[Termination "karinachess1 won by resignation"]

1. c4 e6 2. Nf3 Nf6 3. g3 d5 4. d4 dxc4 5. Qa4+ c6 6. Qxc4 b5 7. Qc2 Bb7 8. Bg2 Be7 9. O-O O-O 10. Nbd2 Nbd7 11. Nb3 Qb6 12. Be3 Nd5 13. Bd2 c5 14.
Ba5 Qa6 15. dxc5 Rac8 16. Bd2 Nxc5 17. Nxc5 Bxc5 18. Qb3 Nf6 19. Bc3 Bd5 20. Qd1 Ne4 21. Bd4 Be7 22. Ne5 Rfd8 23. Qd3 Nf6 24. e4 Bc4 25.
Qe3 Bxf1 26. Rxf1 Qxa2 27. Nf3 Qc4 28. Qf4 Rxd4 29. Ne5 Qe2 30. Bf3 Qd2 31. Qh4 Rc1 32.
Rxc1 Qxc1+ 33. Kg2 Qc5 34. Qg5 h6 35. Qf4 g5 0-1

[Event "Early-Titled-Tuesday-Blitz-February-20-2024"]
[Site "Chess.com"]
[Date "2024.02.20"]
[Round "9"]
[White "Ariadna_Atreides"]
[Black "emeli_chess"]
[Result "1/2-1/2"]
[WhiteElo "2192"]
[BlackElo "2407"]
[TimeControl "180+1"]
[EndTime "9:47:03 PST"]
[Termination "Game drawn by repetition"]

1. d4 Nf6 2. Nf3 d5 3. e3 c5 4. dxc5 Qa5+ 5. Nbd2 Qxc5 6. a3 Bg4 7. Be2 Qc7 8. h3 Bh5 9. O-O e6 10. c4 dxc4 11. Nxc4 Be7 12. Qa4+ Nc6 13. Nce5 O-O 14. Nxc6 Qxc6 15. Qxc6 bxc6 16. Bd2 Rab8 17. Bc3 Nd5 18. Be5 Rb7 19. b4 f6 20. Bd4 e5 21. Bc5 Bxc5 22.
bxc5 Rb2 23. Bc4 Bxf3 24. gxf3 Kh8 25. Rfd1 Nc3 26. Rd7 Na4 27. Rxa7 Nxc5 28. Rc7 Nb3 29. Bxb3 Rxb3 30. Rxc6 h5 31. a4 Ra8 32. a5 Ra7 33. a6 Kh7 34. Rd1 Ra3 35. Rdd6 Kg6 36. Rb6 Kf5 37.
Kg2 h4 38. Rdc6 Kg6 39. Rb7 R3xa6 40. Rcc7 Rxb7 41. Rxb7 Ra3 42. Rc7 Rb3 43. Ra7 Rc3 44. Rb7 Ra3 45. Rc7 Rb3 46. Ra7 Rc3 47. Rb7 Ra3 1/2-1/2

[Event "Early-Titled-Tuesday-Blitz-February-20-2024"]
[Site "Chess.com"]
[Date "2024.02.20"]
[Round "9"]
[White "Raffael89"]
[Black "cmunda"]
[Result "0-1"]
[WhiteElo "1835"]
[BlackElo "2127"]
[TimeControl "180+1"]
[EndTime "9:47:03 PST"]
[Termination "cmunda won on time"]

1. e4 c5 2. c3 d5 3. exd5 Qxd5 4. d4 e5 5. Nf3 Bg4 6. dxe5 Qxd1+ 7. Kxd1 Nc6 8. Bb5 O-O-O+ 9. Nd2 Nxe5 10. Kc2 Bf5+ 11.
Kb3 Nd3 12. a4 a6 13. Bxd3 Bxd3 14. Nc4 Nf6 15. Bf4 Nd5 16. Bg3 Be7 17. Nfe5 b5 18. axb5 axb5 19. Nxd3 bxc4+ 20. Kxc4 Nb6+ 21. Kb5 Rxd3 22.
Kxb6 Kd7 23. Ra7+ Ke8 24. Re1 Rd7 25. Ra8+ Rd8 26. Ra7 Rd7 27. Rc7 Kd8 28. Rc6 Re8 29. Ra1 Bf6 30. Ra8+ Ke7 31. Rxe8+ Kxe8 32. Kxc5 Rd2 33. b4 h5 34. Kb5 h4 35. Bd6 Rxf2 0-1